Vancouver Canucks vs Minnesota North Stars
(R1)
Created - Wednesday, January 14, 2026 at 12:34
Goals
|
| Vancouver Canucks |
0 |
0 |
1 |
1 |
| Minnesota North Stars |
2 |
0 |
1 |
3 |
|
Shots
|
| Vancouver Canucks |
6 |
8 |
17 |
31 |
| Minnesota North Stars |
12 |
11 |
14 |
37 |
|
1st period
1. Minnesota North Stars , Frank Vatrano 1 (William Eklund 1) at 7:16
2. Minnesota North Stars , Frank Vatrano 2 (Rasmus Dahlin 1, Valeri Nichushkin 1) at 19:01
Penalties :
Matt Roy (MNS) for Fighting (Major) at 2:32, Emil Martinsen Lilleberg (VAN) for Fighting (Major) at 2:32, Neal Pionk (MNS) for Slashing (Minor) at 4:02, Emil Martinsen Lilleberg (VAN) for Interference (Minor) at 9:25, Matt Roy (MNS) for Tripping (Minor) at 13:35, Frank Vatrano (MNS) for Tripping (Minor) at 16:08
2nd period
No Goal
Penalties :
Anton Lundell (VAN) for Slashing (Minor) at 12:15
3rd period
3. Minnesota North Stars , Ryan Nugent-Hopkins 1 (Jack Hughes 1, Brock Nelson 1) at 11:08 (PP)
4. Vancouver Canucks , Sean Couturier 1 (Noah Hanifin 1, Brett Leason 1) at 12:17
Penalties :
William Eklund (MNS) for Tripping (Minor) at 0:27, Niko Mikkola (MNS) for Delaying the game (Minor) at 7:42, Aleksander Barkov (VAN) for Hooking (Minor) at 10:24
Goalie Stats
Cam Talbot (VAN), 34 saves from 37 shots - (0.919), L, 0-1-0, 60:00 minutes
Logan Thompson (MNS), 30 saves from 31 shots - (0.968), W, 1-0-0, 60:00 minutes
Players Stats for Vancouver Canucks
Player Name G A P +/- PIM S H SB GA TA FO MP PP MP PK MP
------------------------------------------------------------------------------------
Aleksander Barkov 0 0 0 0 2 3 2 0 0 1 10/16 17:39 4:50 1:48
Anton Lundell 0 0 0 0 2 0 0 0 0 0 3/4 12:33 0:00 1:42
Artturi Lehkonen 0 0 0 -1 0 4 2 0 1 1 0/2 20:47 5:05 2:17
Bobby McMann 0 0 0 1 0 0 1 0 0 1 0/0 10:53 0:00 0:00
Brett Leason 0 1 1 -1 0 6 1 0 1 0 0/0 11:56 0:00 1:55
Casey Mittelstadt 0 0 0 -1 0 2 2 0 0 0 5/14 16:29 5:05 0:49
Clayton Keller 0 0 0 -1 0 2 0 1 0 0 8/16 18:03 4:50 0:23
Connor Zary 0 0 0 0 0 1 0 0 2 0 1/1 16:28 5:05 0:00
Emil Martinsen Lilleberg 0 0 0 0 7 0 0 1 0 0 0/0 10:11 0:00 0:00
Jake Bean 0 0 0 0 0 0 0 2 0 0 0/0 11:03 0:00 0:00
Jesperi Kotkaniemi 0 0 0 1 0 0 0 1 1 0 0/0 11:51 0:00 0:30
Joel Hanley 0 0 0 -1 0 2 3 2 0 0 0/0 23:05 4:40 1:58
Matias Maccelli 0 0 0 -1 0 0 0 0 0 0 0/0 9:28 0:00 0:00
Mikko Rantanen 0 0 0 -1 0 4 3 0 1 0 1/1 17:43 4:50 0:00
Miro Heiskanen 0 0 0 0 0 2 2 2 0 2 0/0 27:15 5:15 2:44
Noah Hanifin 0 1 1 0 0 1 1 1 0 3 0/0 25:52 5:15 2:44
Ryan McDonagh 0 0 0 -1 0 2 0 0 0 1 0/0 23:05 4:40 1:58
Sean Couturier 1 0 1 1 0 2 1 0 0 0 5/9 10:53 0:00 0:00
Players Stats for Minnesota North Stars
Player Name G A P +/- PIM S H SB GA TA FO MP PP MP PK MP
------------------------------------------------------------------------------------
Brock Nelson 0 1 1 -1 0 1 2 0 0 0 1/1 14:52 2:37 0:00
Erik Cernak 0 0 0 0 0 0 2 3 0 0 0/0 13:23 0:00 0:32
Frank Vatrano 2 0 2 2 2 5 2 0 2 1 0/0 18:25 2:05 3:30
Gustav Forsling 0 0 0 0 0 3 0 2 0 0 0/0 22:59 2:39 5:04
Ivan Barbashev 0 0 0 0 0 1 1 0 0 0 0/0 12:15 0:00 0:00
Jack Hughes 0 1 1 -1 0 3 1 0 0 0 3/9 14:52 2:37 0:00
Jonathan Marchessault 0 0 0 1 0 3 2 0 0 0 0/0 13:11 0:00 0:02
Kent Johnson 0 0 0 0 0 5 1 0 1 0 8/14 14:22 0:00 1:30
Matt Roy 0 0 0 1 7 0 0 0 0 1 0/0 22:17 2:03 2:52
Mattias Janmark 0 0 0 0 0 0 0 1 1 0 6/9 12:09 0:00 4:44
Michael Rasmussen 0 0 0 0 0 2 1 0 1 0 0/0 12:07 0:00 4:42
Neal Pionk 0 0 0 0 2 0 0 1 1 3 0/0 21:37 2:39 4:04
Niko Mikkola 0 0 0 0 2 1 1 0 0 0 0/0 14:09 0:00 2:20
Rasmus Dahlin 0 1 1 1 0 0 5 2 1 0 0/0 25:52 2:03 4:58
Ryan Nugent-Hopkins 1 0 1 -1 0 4 1 0 0 0 1/2 14:52 2:37 0:00
Valeri Nichushkin 0 1 1 2 0 3 1 0 1 0 2/3 16:16 2:05 0:43
William Eklund 0 1 1 1 2 5 0 0 0 0 7/19 14:34 2:05 0:00
William Karlsson 0 0 0 0 0 1 0 1 1 1 2/6 11:47 0:00 4:39
3 Stars
1 - Frank Vatrano (MNS)
2 - Logan Thompson (MNS)
3 - Rasmus Dahlin (MNS)
Power Play
Vancouver Canucks - 0 on 5 Attempt(s) - 0.00%
Minnesota North Stars - 1 on 3 Attempt(s) - 33.33%
Penalty Kill
Vancouver Canucks - 2 on 3 Attempt(s) - 66.67%
- Score 0 goal in Penalty Kill
Minnesota North Stars - 5 on 5 Attempt(s) - 100.00%
- Score 0 goal in Penalty Kill
Team Stat
Vancouver Canucks - Hits : 18 - Faceoff Wins : 33 - Blocked Shots : 10 - Penalty Minutes : 11
Minnesota North Stars - Hits : 20 - Faceoff Wins : 30 - Blocked Shots : 10 - Penalty Minutes : 15
Official
Referees : Pierre Lambert and Marc Joannette
Linesman : Matt MacPherson and Brandon Gawryletz
Game Notes
Matt Roy beats up Emil Martinsen Lilleberg at 2:32 of 1st period
Finance
Level 1 -- Attendance: 5504 (91.73%) -- Ticket Income $517,376
Level 2 -- Attendance: 4571 (91.42%) -- Ticket Income $255,976
Level 3 -- Attendance: 2644 (88.13%) -- Ticket Income $84,608
Level 4 -- Attendance: 5000 (100.00%) -- Ticket Income $110,000
Luxury Box -- Attendance: 891 (89.10%) -- Ticket Income $171,963
Game was played at the Met Center.
Total Attendance: 18610 (93.05%)
Total Ticket Income: $1,139,923
Other Income: $398,973
Total Income: $1,538,896
Vancouver Canucks
5 vs 5 Forward
Center Left Wing Right Wing Time % Phy DF OF
1 Clayton Keller Artturi Lehkonen Mikko Rantanen 37 1 1 3
2 Aleksander Barkov Connor Zary Anton Lundell 28 1 2 2
3 Sean Couturier Jesperi Kotkaniemi Bobby McMann 21 1 2 2
4 Casey Mittelstadt Matias Maccelli Brett Leason 14 1 3 1
5 vs 5 Defense
Defense Defense Time % Phy DF OF
1 Noah Hanifin Miro Heiskanen 30 1 2 2
2 Ryan McDonagh Joel Hanley 30 1 2 2
3 Jake Bean Emil Martinsen Lilleberg 25 1 2 2
4 Noah Hanifin Miro Heiskanen 15 1 2 2
PowerPlay Forward
Center Left Wing Right Wing Time % Phy DF OF
1 Aleksander Barkov Clayton Keller Mikko Rantanen 50 0 1 4
2 Casey Mittelstadt Connor Zary Artturi Lehkonen 50 0 1 4
PowerPlay Defense
Defense Defense Time % Phy DF OF
1 Noah Hanifin Miro Heiskanen 50 0 1 4
2 Ryan McDonagh Joel Hanley 50 0 1 4
Penalty Kill 4 Players Forward
Center Wing Time % Phy DF OF
1 Anton Lundell Brett Leason 50 1 2 2
2 Aleksander Barkov Artturi Lehkonen 50 1 2 2
Penalty Kill 4 Players Defense
Defense Defense Time % Phy DF OF
1 Ryan McDonagh Joel Hanley 50 1 2 2
2 Noah Hanifin Miro Heiskanen 50 1 2 2
Penalty Kill - 3 Players Forward
Forward Time % Phy DF OF
1 Anton Lundell 50 1 2 2
2 Brett Leason 50 1 2 2
Penalty Kill - 3 Players Defense
Defense Defense Time % Phy DF OF
1 Ryan McDonagh Joel Hanley 50 1 2 2
2 Noah Hanifin Miro Heiskanen 50 1 2 2
4 vs 4 Forward
Center Wing Time % Phy DF OF
1 Clayton Keller Mikko Rantanen 50 1 2 2
2 Aleksander Barkov Artturi Lehkonen 50 1 2 2
4 vs 4 Defense
Defense Defense Time % Phy DF OF
1 Noah Hanifin Miro Heiskanen 50 1 2 2
2 Ryan McDonagh Joel Hanley 50 1 2 2
Last Minutes Offensive
Center Left Wing Right Wing Defense Defense
Aleksander Barkov Clayton Keller Mikko Rantanen Noah Hanifin Miro Heiskanen
Last Minutes Defensive
Center Left Wing Right Wing Defense Defense
Anton Lundell Artturi Lehkonen Brett Leason Ryan McDonagh Joel Hanley
Goaltenders
Starting : Cam Talbot
Backup : Justus Annunen
Extra Forwards
Normal : Mikko Rantanen, Artturi Lehkonen, Clayton Keller - PP : Mikko Rantanen, Clayton Keller - PK : Anton Lundell
Extra Defensemen
Normal : Miro Heiskanen, Joel Hanley, Ryan McDonagh - PP : Miro Heiskanen - PK : Ryan McDonagh, Joel Hanley
Penalty Shots
Aleksander Barkov, Anton Lundell, Artturi Lehkonen, Jesperi Kotkaniemi, Mikko Rantanen
Scratches
Mavrik Bourque (Healthy), Jacob Bernard-Docker (Healthy), Jacob Bryson (Healthy)
Minnesota North Stars
5 vs 5 Forward
Center Left Wing Right Wing Time % Phy DF OF
1 Jack Hughes Brock Nelson Ryan Nugent-Hopkins 30 1 2 2
2 William Eklund Valeri Nichushkin Frank Vatrano 30 1 2 2
3 Kent Johnson Ivan Barbashev Jonathan Marchessault 25 1 2 2
4 William Karlsson Michael Rasmussen Mattias Janmark 15 1 2 2
5 vs 5 Defense
Defense Defense Time % Phy DF OF
1 Matt Roy Rasmus Dahlin 30 1 2 2
2 Gustav Forsling Neal Pionk 30 1 2 2
3 Erik Cernak Niko Mikkola 25 1 2 2
4 Matt Roy Rasmus Dahlin 15 1 2 2
PowerPlay Forward
Center Left Wing Right Wing Time % Phy DF OF
1 Jack Hughes Brock Nelson Ryan Nugent-Hopkins 50 1 2 2
2 William Eklund Valeri Nichushkin Frank Vatrano 50 1 2 2
PowerPlay Defense
Defense Defense Time % Phy DF OF
1 Matt Roy Rasmus Dahlin 50 1 2 2
2 Gustav Forsling Neal Pionk 50 1 2 2
Penalty Kill 4 Players Forward
Center Wing Time % Phy DF OF
1 Mattias Janmark Michael Rasmussen 50 1 4 0
2 William Karlsson Frank Vatrano 50 1 4 0
Penalty Kill 4 Players Defense
Defense Defense Time % Phy DF OF
1 Matt Roy Rasmus Dahlin 50 1 4 0
2 Gustav Forsling Neal Pionk 50 1 4 0
Penalty Kill - 3 Players Forward
Forward Time % Phy DF OF
1 Ryan Nugent-Hopkins 50 1 4 0
2 Mattias Janmark 50 1 4 0
Penalty Kill - 3 Players Defense
Defense Defense Time % Phy DF OF
1 Matt Roy Rasmus Dahlin 50 1 4 0
2 Gustav Forsling Neal Pionk 50 1 4 0
4 vs 4 Forward
Center Wing Time % Phy DF OF
1 Jack Hughes Brock Nelson 50 1 2 2
2 Ryan Nugent-Hopkins Valeri Nichushkin 50 1 2 2
4 vs 4 Defense
Defense Defense Time % Phy DF OF
1 Matt Roy Rasmus Dahlin 50 1 2 2
2 Gustav Forsling Neal Pionk 50 1 2 2
Last Minutes Offensive
Center Left Wing Right Wing Defense Defense
Jack Hughes Brock Nelson Ryan Nugent-Hopkins Matt Roy Rasmus Dahlin
Last Minutes Defensive
Center Left Wing Right Wing Defense Defense
Jack Hughes Brock Nelson Ryan Nugent-Hopkins Matt Roy Rasmus Dahlin
Goaltenders
Starting : Logan Thompson
Backup : Brandon Bussi
Extra Forwards
Normal : Kent Johnson, Jonathan Marchessault, William Karlsson - PP : Kent Johnson, Jonathan Marchessault - PK : William Karlsson
Extra Defensemen
Normal : Erik Cernak, Niko Mikkola, Gustav Forsling - PP : Erik Cernak - PK : Niko Mikkola, Gustav Forsling
Penalty Shots
Jack Hughes, Brock Nelson, Ryan Nugent-Hopkins, Valeri Nichushkin, Frank Vatrano
Scratches
Lawson Crouse (Healthy), Dylan DeMelo (Healthy), Charlie Lindgren (Healthy)
% Time on Ice - Vancouver Canucks
Lines # - Real PCT - Wanted PCT - Time Play
Normal Forward
1 - 29% - 37% - 13:23
2 - 26% - 28% - 11:39
3 - 24% - 21% - 10:53
4 - 21% - 14% - 9:28
Normal Defense
1 - 29% - 30% - 13:06
2 - 36% - 30% - 16:24
3 - 24% - 25% - 11:03
4 - 11% - 15% - 4:50
PP Forward
1 - 49% - 50% - 4:50
2 - 51% - 50% - 5:05
PP Defense
1 - 53% - 50% - 5:15
2 - 47% - 50% - 4:40
PK Forward
1 - 51% - 50% - 2:25
2 - 49% - 50% - 2:17
PK Defense
1 - 42% - 50% - 1:58
2 - 58% - 50% - 2:44
PK3 Forward
1 - 0% - 50%
2 - 0% - 50%
PK3 Defense
1 - 0% - 50%
2 - 0% - 50%
44 Forward
1 - 0% - 50%
2 - 0% - 50%
44 Defense
1 - 0% - 50%
2 - 0% - 50%
Last Minute Offensive - 0:00
Last Minute Defensive - 0:00
Total
Forward - 60:00
Defense - 60:00
|
% Time on Ice - Minnesota North Stars
Lines # - Real PCT - Wanted PCT - Time Play
Normal Forward
1 - 29% - 30% - 13:09
2 - 28% - 30% - 12:51
3 - 27% - 25% - 12:15
4 - 16% - 15% - 7:08
Normal Defense
1 - 31% - 30% - 13:57
2 - 33% - 30% - 14:46
3 - 26% - 25% - 11:46
4 - 11% - 15% - 4:54
PP Forward
1 - 56% - 50% - 2:37
2 - 44% - 50% - 2:05
PP Defense
1 - 44% - 50% - 2:03
2 - 56% - 50% - 2:39
PK Forward
1 - 47% - 50% - 4:42
2 - 53% - 50% - 5:13
PK Defense
1 - 49% - 50% - 4:52
2 - 51% - 50% - 5:03
PK3 Forward
1 - 0% - 50%
2 - 0% - 50%
PK3 Defense
1 - 0% - 50%
2 - 0% - 50%
44 Forward
1 - 0% - 50%
2 - 0% - 50%
44 Defense
1 - 0% - 50%
2 - 0% - 50%
Last Minute Offensive - 0:00
Last Minute Defensive - 0:00
Total
Forward - 60:00
Defense - 60:00
|
Play-by-Play
1st period
0:01 of 1st period - Clayton Keller wins face-off versus Jack Hughes in neutral zone.
0:47 of 1st period - Connor Zary is hit by Michael Rasmussen and loses puck.
1:10 of 1st period - Slapshot by Aleksander Barkov.
1:10 of 1st period - Shot Misses the Net.
1:22 of 1st period - Slapshot by Jonathan Marchessault.
1:22 of 1st period - Stopped by Cam Talbot with a rebound.
2:23 of 1st period - Wrist shot by Ivan Barbashev.
2:23 of 1st period - Shot Misses the Net.
2:25 of 1st period - Slapshot by Niko Mikkola.
2:25 of 1st period - Stopped by Cam Talbot without a rebound.
2:26 of 1st period - Sean Couturier wins face-off versus Kent Johnson in Vancouver Canucks zone.
2:32 of 1st period - Matt Roy beats up Emil Martinsen Lilleberg.
2:32 of 1st period - Penalty to Matt Roy for Fighting.
2:32 of 1st period - Penalty to Emil Martinsen Lilleberg for Fighting.
2:33 of 1st period - Clayton Keller wins face-off versus Ryan Nugent-Hopkins in Minnesota North Stars zone.
2:36 of 1st period - Snap shot by Mikko Rantanen.
2:36 of 1st period - Deflect By Clayton Keller.
2:36 of 1st period - Stopped by Logan Thompson with a rebound.
3:01 of 1st period - Off-side.
3:02 of 1st period - Casey Mittelstadt wins face-off versus Valeri Nichushkin in neutral zone.
3:19 of 1st period - Snap shot by Frank Vatrano.
3:19 of 1st period - Shot Blocked by Miro Heiskanen.
3:21 of 1st period - Snap shot by Frank Vatrano.
3:21 of 1st period - Shot Misses the Net.
3:23 of 1st period - Wrist shot by Valeri Nichushkin.
3:23 of 1st period - Deflect By Frank Vatrano.
3:23 of 1st period - Shot Blocked by Jake Bean.
3:23 of 1st period - Puck is out of play.
3:24 of 1st period - Kent Johnson wins face-off versus Sean Couturier in Vancouver Canucks zone.
4:02 of 1st period - Minor Penalty to Neal Pionk for Slashing.
4:03 of 1st period - Aleksander Barkov wins face-off versus Mattias Janmark in Minnesota North Stars zone.
4:03 of 1st period - Slapshot by Mikko Rantanen.
4:03 of 1st period - Shot Hit the Post.
4:11 of 1st period - Joel Hanley is hit by Rasmus Dahlin and loses puck.
4:57 of 1st period - Rasmus Dahlin is hit by Mikko Rantanen and loses puck.
5:47 of 1st period - Icing by Ryan McDonagh.
5:48 of 1st period - Aleksander Barkov wins face-off versus William Karlsson in Vancouver Canucks zone.
6:00 of 1st period - Icing by Casey Mittelstadt.
6:01 of 1st period - Mattias Janmark wins face-off versus Casey Mittelstadt in Vancouver Canucks zone.
6:02 of 1st period - Penalty to Neal Pionk is over, Neal Pionk is back on ice.
6:02 of 1st period - Slapshot by Michael Rasmussen.
6:02 of 1st period - Stopped by Cam Talbot with a rebound.
6:50 of 1st period - Snap shot by Jonathan Marchessault.
6:50 of 1st period - Stopped by Cam Talbot with a rebound.
7:00 of 1st period - Sean Couturier is hit by Erik Cernak.
7:04 of 1st period - Snap shot by William Karlsson.
7:04 of 1st period - Stopped by Cam Talbot with a rebound.
7:06 of 1st period - Snap shot by William Karlsson.
7:06 of 1st period - Shot Misses the Net.
7:08 of 1st period - Slapshot by Gustav Forsling.
7:08 of 1st period - Deflect By Miro Heiskanen.
7:08 of 1st period - Stopped by Cam Talbot without a rebound.
7:09 of 1st period - William Eklund wins face-off versus Clayton Keller in Vancouver Canucks zone.
7:16 of 1st period - Snap shot by Frank Vatrano.
7:16 of 1st period - Goal by Frank Vatrano - Vancouver Canucks : 0 - Minnesota North Stars : 1.
7:17 of 1st period - William Eklund wins face-off versus Artturi Lehkonen in neutral zone.
7:20 of 1st period - Wrist shot by Frank Vatrano.
7:20 of 1st period - Shot Blocked by Miro Heiskanen.
7:22 of 1st period - Slapshot by Gustav Forsling.
7:22 of 1st period - Stopped by Cam Talbot with a rebound.
8:52 of 1st period - Off-side.
8:53 of 1st period - Aleksander Barkov wins face-off versus Jack Hughes in neutral zone.
9:20 of 1st period - Snap shot by Frank Vatrano.
9:20 of 1st period - Stopped by Cam Talbot without a rebound.
9:21 of 1st period - William Eklund wins face-off versus Casey Mittelstadt in Vancouver Canucks zone.
9:25 of 1st period - Minor Penalty to Emil Martinsen Lilleberg for Interference.
9:26 of 1st period - Anton Lundell wins face-off versus Jack Hughes in Vancouver Canucks zone.
11:25 of 1st period - Penalty to Emil Martinsen Lilleberg is over, Emil Martinsen Lilleberg is back on ice.
11:43 of 1st period - Snap shot by Casey Mittelstadt.
11:43 of 1st period - Shot Misses the Net.
11:45 of 1st period - Wrist shot by Brett Leason.
11:45 of 1st period - Stopped by Logan Thompson with a rebound.
11:51 of 1st period - Slapshot by Casey Mittelstadt.
11:51 of 1st period - Shot Blocked by Gustav Forsling.
11:57 of 1st period - Backhand shot by Casey Mittelstadt.
11:57 of 1st period - Stopped by Logan Thompson without a rebound.
11:58 of 1st period - Sean Couturier wins face-off versus William Karlsson in Minnesota North Stars zone.
12:37 of 1st period - Backhand shot by Jesperi Kotkaniemi.
12:37 of 1st period - Shot Blocked by Erik Cernak.
12:39 of 1st period - Snap shot by Jake Bean.
12:39 of 1st period - Shot Misses the Net.
13:35 of 1st period - Minor Penalty to Matt Roy for Tripping.
13:36 of 1st period - Mattias Janmark wins face-off versus Aleksander Barkov in Minnesota North Stars zone.
13:36 of 1st period - Mattias Janmark is hit by Aleksander Barkov.
14:05 of 1st period - Frank Vatrano is hit by Miro Heiskanen and loses puck.
14:14 of 1st period - Slapshot by Clayton Keller.
14:14 of 1st period - Stopped by Logan Thompson with a rebound.
14:16 of 1st period - Slapshot by Aleksander Barkov.
14:16 of 1st period - Stopped by Logan Thompson without a rebound.
14:17 of 1st period - Mattias Janmark wins face-off versus Casey Mittelstadt in Minnesota North Stars zone.
14:34 of 1st period - Snap shot by Artturi Lehkonen.
14:34 of 1st period - Stopped by Logan Thompson without a rebound.
14:35 of 1st period - Casey Mittelstadt wins face-off versus Mattias Janmark in Minnesota North Stars zone.
14:36 of 1st period - Snap shot by Connor Zary.
14:36 of 1st period - Shot Misses the Net.
14:42 of 1st period - Wrist shot by Michael Rasmussen.
14:42 of 1st period - Shot Hit the Post.
15:02 of 1st period - Wrist shot by Mikko Rantanen.
15:02 of 1st period - Deflect By Clayton Keller.
15:02 of 1st period - Shot Misses the Net.
15:02 of 1st period - Puck is out of play.
15:03 of 1st period - William Karlsson wins face-off versus Aleksander Barkov in Minnesota North Stars zone.
15:03 of 1st period - William Karlsson is hit by Mikko Rantanen.
15:19 of 1st period - Slapshot by Mikko Rantanen.
15:19 of 1st period - Shot Blocked by William Karlsson.
15:21 of 1st period - Slapshot by Joel Hanley.
15:21 of 1st period - Deflect By Aleksander Barkov.
15:21 of 1st period - Shot Misses the Net.
15:21 of 1st period - Puck is out of play.
15:22 of 1st period - Mattias Janmark wins face-off versus Casey Mittelstadt in Minnesota North Stars zone.
15:35 of 1st period - Penalty to Matt Roy is over, Matt Roy is back on ice.
16:08 of 1st period - Minor Penalty to Frank Vatrano for Tripping.
16:09 of 1st period - Mattias Janmark wins face-off versus Casey Mittelstadt in Minnesota North Stars zone.
16:09 of 1st period - Mattias Janmark is hit by Joel Hanley.
16:24 of 1st period - Rasmus Dahlin is hit by Casey Mittelstadt and loses puck.
18:08 of 1st period - Penalty to Frank Vatrano is over, Frank Vatrano is back on ice.
18:14 of 1st period - Matt Roy is hit by Noah Hanifin.
18:24 of 1st period - Slapshot by Bobby McMann.
18:24 of 1st period - Shot Blocked by Rasmus Dahlin.
18:26 of 1st period - Wrist shot by Jesperi Kotkaniemi.
18:26 of 1st period - Shot Blocked by Rasmus Dahlin.
18:28 of 1st period - Wrist shot by Miro Heiskanen.
18:28 of 1st period - Shot Misses the Net.
18:30 of 1st period - Snap shot by Noah Hanifin.
18:30 of 1st period - Shot Misses the Net.
18:42 of 1st period - Casey Mittelstadt is hit by Valeri Nichushkin and loses puck.
18:55 of 1st period - Snap shot by Valeri Nichushkin.
18:55 of 1st period - Stopped by Cam Talbot with a rebound.
18:57 of 1st period - Snap shot by Frank Vatrano.
18:57 of 1st period - Shot Misses the Net.
18:59 of 1st period - Slapshot by Rasmus Dahlin.
18:59 of 1st period - Shot Misses the Net.
19:01 of 1st period - Wrist shot by Frank Vatrano.
19:01 of 1st period - Goal by Frank Vatrano - Vancouver Canucks : 0 - Minnesota North Stars : 2.
19:02 of 1st period - Ryan Nugent-Hopkins wins face-off versus Aleksander Barkov in neutral zone.
19:16 of 1st period - Snap shot by Jack Hughes.
19:16 of 1st period - Shot Misses the Net.
19:18 of 1st period - Slapshot by Jack Hughes.
19:18 of 1st period - Stopped by Cam Talbot with a rebound.
Goals for this period are 0 for Vancouver Canucks vs 2 for Minnesota North Stars.
Shots for this period are 6 for Vancouver Canucks vs 12 for Minnesota North Stars.
2nd period
0:01 of 2nd period - William Eklund wins face-off versus Clayton Keller in neutral zone.
0:27 of 2nd period - Noah Hanifin is hit by Rasmus Dahlin and loses puck.
1:00 of 2nd period - Snap shot by Connor Zary.
1:00 of 2nd period - Stopped by Logan Thompson with a rebound.
1:02 of 2nd period - Snap shot by Aleksander Barkov.
1:02 of 2nd period - Stopped by Logan Thompson without a rebound.
1:03 of 2nd period - Clayton Keller wins face-off versus Kent Johnson in Minnesota North Stars zone.
1:12 of 2nd period - Backhand shot by Clayton Keller.
1:12 of 2nd period - Shot Misses the Net.
1:14 of 2nd period - Snap shot by Clayton Keller.
1:14 of 2nd period - Shot Misses the Net.
1:16 of 2nd period - Slapshot by Artturi Lehkonen.
1:16 of 2nd period - Shot Misses the Net.
1:18 of 2nd period - Snap shot by Miro Heiskanen.
1:18 of 2nd period - Stopped by Logan Thompson with a rebound.
1:20 of 2nd period - Slapshot by Noah Hanifin.
1:20 of 2nd period - Shot Blocked by Erik Cernak.
1:32 of 2nd period - Noah Hanifin is hit by Niko Mikkola and loses puck.
1:55 of 2nd period - Snap shot by William Eklund.
1:55 of 2nd period - Stopped by Cam Talbot without a rebound.
1:56 of 2nd period - Mikko Rantanen wins face-off versus William Eklund in Vancouver Canucks zone.
2:34 of 2nd period - Wrist shot by Jonathan Marchessault.
2:34 of 2nd period - Shot Misses the Net.
2:36 of 2nd period - Wrist shot by Kent Johnson.
2:36 of 2nd period - Stopped by Cam Talbot with a rebound.
2:48 of 2nd period - Snap shot by Ryan Nugent-Hopkins.
2:48 of 2nd period - Stopped by Cam Talbot without a rebound.
2:49 of 2nd period - Sean Couturier wins face-off versus Jack Hughes in Vancouver Canucks zone.
2:49 of 2nd period - Sean Couturier is hit by Ryan Nugent-Hopkins.
3:24 of 2nd period - Niko Mikkola is hit by Bobby McMann and loses puck.
3:39 of 2nd period - Jesperi Kotkaniemi is hit by Brock Nelson and loses puck.
3:52 of 2nd period - Snap shot by Ryan Nugent-Hopkins.
3:52 of 2nd period - Shot Misses the Net.
4:34 of 2nd period - Snap shot by Jack Hughes.
4:34 of 2nd period - Shot Blocked by Jesperi Kotkaniemi.
5:00 of 2nd period - Jake Bean is hit by Erik Cernak and loses puck.
5:33 of 2nd period - Off-side.
5:34 of 2nd period - Clayton Keller wins face-off versus William Eklund in neutral zone.
5:37 of 2nd period - Rasmus Dahlin is hit by Joel Hanley and loses puck.
6:01 of 2nd period - Off-side.
6:02 of 2nd period - Connor Zary wins face-off versus Kent Johnson in neutral zone.
6:27 of 2nd period - Miro Heiskanen is hit by Frank Vatrano and loses puck.
6:40 of 2nd period - Wrist shot by Frank Vatrano.
6:40 of 2nd period - Shot Blocked by Clayton Keller.
7:35 of 2nd period - Mikko Rantanen is hit by Ivan Barbashev and loses puck.
9:01 of 2nd period - Ivan Barbashev is hit by Aleksander Barkov and loses puck.
10:22 of 2nd period - Icing by William Eklund.
10:23 of 2nd period - Aleksander Barkov wins face-off versus William Eklund in Minnesota North Stars zone.
10:32 of 2nd period - Wrist shot by Kent Johnson.
10:32 of 2nd period - Stopped by Cam Talbot with a rebound.
10:34 of 2nd period - Snap shot by Ivan Barbashev.
10:34 of 2nd period - Stopped by Cam Talbot with a rebound.
10:54 of 2nd period - Snap shot by Jack Hughes.
10:54 of 2nd period - Stopped by Cam Talbot without a rebound.
10:55 of 2nd period - Aleksander Barkov wins face-off versus William Eklund in Vancouver Canucks zone.
11:10 of 2nd period - Slapshot by Frank Vatrano.
11:10 of 2nd period - Shot Misses the Net.
11:13 of 2nd period - Icing by Aleksander Barkov.
11:14 of 2nd period - Aleksander Barkov wins face-off versus Kent Johnson in Vancouver Canucks zone.
11:37 of 2nd period - Slapshot by Aleksander Barkov.
11:37 of 2nd period - Stopped by Logan Thompson with a rebound.
11:39 of 2nd period - Slapshot by Miro Heiskanen.
11:39 of 2nd period - Stopped by Logan Thompson without a rebound.
11:40 of 2nd period - William Eklund wins face-off versus Clayton Keller in Minnesota North Stars zone.
11:40 of 2nd period - William Eklund is hit by Artturi Lehkonen.
11:50 of 2nd period - Wrist shot by William Eklund.
11:50 of 2nd period - Stopped by Cam Talbot with a rebound.
11:52 of 2nd period - Slapshot by Rasmus Dahlin.
11:52 of 2nd period - Shot Blocked by Joel Hanley.
11:54 of 2nd period - Snap shot by William Eklund.
11:54 of 2nd period - Stopped by Cam Talbot with a rebound.
11:56 of 2nd period - Wrist shot by William Eklund.
11:56 of 2nd period - Stopped by Cam Talbot without a rebound.
11:57 of 2nd period - Kent Johnson wins face-off versus Aleksander Barkov in Vancouver Canucks zone.
12:15 of 2nd period - Minor Penalty to Anton Lundell for Slashing.
12:16 of 2nd period - Casey Mittelstadt wins face-off versus William Eklund in Vancouver Canucks zone.
14:14 of 2nd period - Brock Nelson is hit by Artturi Lehkonen and loses puck.
14:15 of 2nd period - Penalty to Anton Lundell is over, Anton Lundell is back on ice.
14:43 of 2nd period - Miro Heiskanen is hit by Jonathan Marchessault and loses puck.
15:01 of 2nd period - Wrist shot by Aleksander Barkov.
15:01 of 2nd period - Deflect By Connor Zary.
15:01 of 2nd period - Shot Misses the Net.
15:01 of 2nd period - Puck is out of play.
15:02 of 2nd period - Anton Lundell wins face-off versus William Karlsson in Minnesota North Stars zone.
15:11 of 2nd period - Wrist shot by Aleksander Barkov.
15:11 of 2nd period - Shot Blocked by Mattias Janmark.
15:27 of 2nd period - Wrist shot by Clayton Keller.
15:27 of 2nd period - Shot Misses the Net.
16:38 of 2nd period - Snap shot by Clayton Keller.
16:38 of 2nd period - Deflect By Mikko Rantanen.
16:38 of 2nd period - Stopped by Logan Thompson without a rebound.
16:39 of 2nd period - William Eklund wins face-off versus Aleksander Barkov in Minnesota North Stars zone.
16:51 of 2nd period - Icing by Miro Heiskanen.
16:52 of 2nd period - Aleksander Barkov wins face-off versus William Eklund in Vancouver Canucks zone.
17:03 of 2nd period - Snap shot by Frank Vatrano.
17:03 of 2nd period - Stopped by Cam Talbot without a rebound.
17:04 of 2nd period - Aleksander Barkov wins face-off versus William Eklund in Vancouver Canucks zone.
17:15 of 2nd period - Aleksander Barkov is hit by Rasmus Dahlin and loses puck.
18:28 of 2nd period - Slapshot by Sean Couturier.
18:28 of 2nd period - Stopped by Logan Thompson with a rebound.
18:30 of 2nd period - Slapshot by Joel Hanley.
18:30 of 2nd period - Stopped by Logan Thompson without a rebound.
18:31 of 2nd period - Clayton Keller wins face-off versus William Eklund in Minnesota North Stars zone.
18:32 of 2nd period - Wrist shot by Mikko Rantanen.
18:32 of 2nd period - Shot Blocked by Erik Cernak.
18:44 of 2nd period - Frank Vatrano is hit by Mikko Rantanen and loses puck.
18:54 of 2nd period - Icing by Ryan McDonagh.
18:55 of 2nd period - Kent Johnson wins face-off versus Clayton Keller in Vancouver Canucks zone.
18:56 of 2nd period - Wrist shot by Jonathan Marchessault.
18:56 of 2nd period - Stopped by Cam Talbot without a rebound.
18:57 of 2nd period - Kent Johnson wins face-off versus Clayton Keller in Vancouver Canucks zone.
19:08 of 2nd period - Snap shot by Jonathan Marchessault.
19:08 of 2nd period - Deflect By Kent Johnson.
19:08 of 2nd period - Shot Misses the Net.
19:08 of 2nd period - Puck is out of play.
19:09 of 2nd period - Valeri Nichushkin wins face-off versus Artturi Lehkonen in Vancouver Canucks zone.
19:58 of 2nd period - Snap shot by Bobby McMann.
19:58 of 2nd period - Shot Misses the Net.
Goals for this period are 0 for Vancouver Canucks vs 0 for Minnesota North Stars.
Shots for this period are 8 for Vancouver Canucks vs 11 for Minnesota North Stars.
3rd period
0:01 of 3rd period - William Eklund wins face-off versus Clayton Keller in neutral zone.
0:03 of 3rd period - Off-side.
0:04 of 3rd period - Valeri Nichushkin wins face-off versus Clayton Keller in neutral zone.
0:07 of 3rd period - Snap shot by William Eklund.
0:07 of 3rd period - Stopped by Cam Talbot with a rebound.
0:27 of 3rd period - Minor Penalty to William Eklund for Tripping.
0:28 of 3rd period - Mattias Janmark wins face-off versus Casey Mittelstadt in Minnesota North Stars zone.
2:24 of 3rd period - Neal Pionk is hit by Casey Mittelstadt and loses puck.
2:27 of 3rd period - Penalty to William Eklund is over, William Eklund is back on ice.
2:55 of 3rd period - Snap shot by Valeri Nichushkin.
2:55 of 3rd period - Stopped by Cam Talbot with a rebound.
2:57 of 3rd period - Snap shot by Gustav Forsling.
2:57 of 3rd period - Shot Blocked by Jake Bean.
2:59 of 3rd period - Slapshot by Gustav Forsling.
2:59 of 3rd period - Stopped by Cam Talbot without a rebound.
3:00 of 3rd period - Sean Couturier wins face-off versus Jack Hughes in Vancouver Canucks zone.
3:05 of 3rd period - Snap shot by Ryan McDonagh.
3:05 of 3rd period - Stopped by Logan Thompson without a rebound.
3:06 of 3rd period - Brock Nelson wins face-off versus Sean Couturier in Minnesota North Stars zone.
3:11 of 3rd period - Snap shot by Jack Hughes.
3:11 of 3rd period - Deflect By Brock Nelson.
3:11 of 3rd period - Deflect By Sean Couturier.
3:11 of 3rd period - Shot Blocked by Joel Hanley.
3:11 of 3rd period - Puck is out of play.
3:12 of 3rd period - Jack Hughes wins face-off versus Sean Couturier in Vancouver Canucks zone.
3:27 of 3rd period - Jack Hughes is hit by Miro Heiskanen.
3:50 of 3rd period - Slapshot by Brett Leason.
3:50 of 3rd period - Stopped by Logan Thompson with a rebound.
3:52 of 3rd period - Slapshot by Ryan McDonagh.
3:52 of 3rd period - Shot Misses the Net.
4:02 of 3rd period - Joel Hanley is hit by Frank Vatrano and loses puck.
5:32 of 3rd period - Wrist shot by Ryan Nugent-Hopkins.
5:32 of 3rd period - Deflect By Bobby McMann.
5:32 of 3rd period - Shot Blocked by Emil Martinsen Lilleberg.
5:32 of 3rd period - Puck is out of play.
5:33 of 3rd period - Casey Mittelstadt wins face-off versus William Eklund in Vancouver Canucks zone.
6:41 of 3rd period - Joel Hanley is hit by Jack Hughes and loses puck.
7:14 of 3rd period - Wrist shot by Casey Mittelstadt.
7:14 of 3rd period - Stopped by Logan Thompson with a rebound.
7:16 of 3rd period - Wrist shot by Brett Leason.
7:16 of 3rd period - Stopped by Logan Thompson with a rebound.
7:18 of 3rd period - Slapshot by Joel Hanley.
7:18 of 3rd period - Deflect By Matias Maccelli.
7:18 of 3rd period - Shot Misses the Net.
7:18 of 3rd period - Puck is out of play.
7:19 of 3rd period - Clayton Keller wins face-off versus Kent Johnson in Minnesota North Stars zone.
7:30 of 3rd period - Snap shot by Mikko Rantanen.
7:30 of 3rd period - Stopped by Logan Thompson with a rebound.
7:32 of 3rd period - Wrist shot by Artturi Lehkonen.
7:32 of 3rd period - Stopped by Logan Thompson with a rebound.
7:34 of 3rd period - Wrist shot by Mikko Rantanen.
7:34 of 3rd period - Stopped by Logan Thompson with a rebound.
7:36 of 3rd period - Slapshot by Noah Hanifin.
7:36 of 3rd period - Stopped by Logan Thompson with a rebound.
7:42 of 3rd period - Minor Penalty to Niko Mikkola for Delaying the game.
7:43 of 3rd period - Aleksander Barkov wins face-off versus Mattias Janmark in Minnesota North Stars zone.
8:18 of 3rd period - Backhand shot by Connor Zary.
8:18 of 3rd period - Shot Misses the Net.
8:32 of 3rd period - Snap shot by Michael Rasmussen.
8:32 of 3rd period - Stopped by Cam Talbot with a rebound.
9:42 of 3rd period - Penalty to Niko Mikkola is over, Niko Mikkola is back on ice.
9:56 of 3rd period - Brock Nelson is hit by Sean Couturier and loses puck.
10:24 of 3rd period - Minor Penalty to Aleksander Barkov for Hooking.
10:25 of 3rd period - Jack Hughes wins face-off versus Anton Lundell in Vancouver Canucks zone.
10:34 of 3rd period - Snap shot by Jack Hughes.
10:34 of 3rd period - Deflect By Brock Nelson.
10:34 of 3rd period - Shot Misses the Net.
10:34 of 3rd period - Puck is out of play.
10:35 of 3rd period - Anton Lundell wins face-off versus Jack Hughes in Vancouver Canucks zone.
11:06 of 3rd period - Wrist shot by Jack Hughes.
11:06 of 3rd period - Stopped by Cam Talbot with a rebound.
11:08 of 3rd period - Snap shot by Ryan Nugent-Hopkins.
11:08 of 3rd period - Goal by Ryan Nugent-Hopkins - Vancouver Canucks : 0 - Minnesota North Stars : 3.
11:09 of 3rd period - Clayton Keller wins face-off versus William Eklund in neutral zone.
11:23 of 3rd period - Off-side.
11:24 of 3rd period - Kent Johnson wins face-off versus Clayton Keller in neutral zone.
11:27 of 3rd period - Snap shot by Kent Johnson.
11:27 of 3rd period - Stopped by Cam Talbot with a rebound.
12:05 of 3rd period - Slapshot by Rasmus Dahlin.
12:05 of 3rd period - Shot Blocked by Noah Hanifin.
12:17 of 3rd period - Wrist shot by Sean Couturier.
12:17 of 3rd period - Goal by Sean Couturier - Vancouver Canucks : 1 - Minnesota North Stars : 3.
12:18 of 3rd period - Clayton Keller wins face-off versus William Eklund in neutral zone.
12:21 of 3rd period - Wrist shot by Mikko Rantanen.
12:21 of 3rd period - Shot Misses the Net.
12:35 of 3rd period - Slapshot by Mikko Rantanen.
12:35 of 3rd period - Deflect By Artturi Lehkonen.
12:35 of 3rd period - Deflect By Rasmus Dahlin.
12:35 of 3rd period - Stopped by Logan Thompson with a rebound.
12:45 of 3rd period - Emil Martinsen Lilleberg is hit by Brock Nelson and loses puck.
12:50 of 3rd period - Snap shot by Ryan Nugent-Hopkins.
12:50 of 3rd period - Stopped by Cam Talbot without a rebound.
12:51 of 3rd period - Jack Hughes wins face-off versus Aleksander Barkov in Vancouver Canucks zone.
13:02 of 3rd period - Snap shot by Jack Hughes.
13:02 of 3rd period - Deflect By Ryan Nugent-Hopkins.
13:02 of 3rd period - Stopped by Cam Talbot with a rebound.
13:04 of 3rd period - Snap shot by Ryan Nugent-Hopkins.
13:04 of 3rd period - Shot Misses the Net.
13:06 of 3rd period - Slapshot by Neal Pionk.
13:06 of 3rd period - Shot Misses the Net.
13:26 of 3rd period - Snap shot by Clayton Keller.
13:26 of 3rd period - Shot Blocked by Neal Pionk.
13:28 of 3rd period - Snap shot by Artturi Lehkonen.
13:28 of 3rd period - Stopped by Logan Thompson with a rebound.
13:30 of 3rd period - Backhand shot by Artturi Lehkonen.
13:30 of 3rd period - Shot Misses the Net.
13:32 of 3rd period - Slapshot by Noah Hanifin.
13:32 of 3rd period - Shot Blocked by Gustav Forsling.
13:44 of 3rd period - Wrist shot by Brett Leason.
13:44 of 3rd period - Stopped by Logan Thompson with a rebound.
13:52 of 3rd period - Wrist shot by Matias Maccelli.
13:52 of 3rd period - Shot Misses the Net.
14:02 of 3rd period - Neal Pionk is hit by Joel Hanley and loses puck.
14:29 of 3rd period - Wrist shot by Mikko Rantanen.
14:29 of 3rd period - Stopped by Logan Thompson without a rebound.
14:30 of 3rd period - Aleksander Barkov wins face-off versus William Eklund in Minnesota North Stars zone.
15:09 of 3rd period - Snap shot by Clayton Keller.
15:09 of 3rd period - Shot Hit the Post.
15:35 of 3rd period - Slapshot by Brock Nelson.
15:35 of 3rd period - Stopped by Cam Talbot without a rebound.
15:36 of 3rd period - William Karlsson wins face-off versus Casey Mittelstadt in Vancouver Canucks zone.
16:02 of 3rd period - Sean Couturier is hit by Kent Johnson and loses puck.
16:25 of 3rd period - Snap shot by Frank Vatrano.
16:25 of 3rd period - Stopped by Cam Talbot with a rebound.
16:27 of 3rd period - Snap shot by Valeri Nichushkin.
16:27 of 3rd period - Stopped by Cam Talbot without a rebound.
16:28 of 3rd period - Kent Johnson wins face-off versus Casey Mittelstadt in Vancouver Canucks zone.
16:37 of 3rd period - Snap shot by Brett Leason.
16:37 of 3rd period - Stopped by Logan Thompson without a rebound.
16:38 of 3rd period - Kent Johnson wins face-off versus Casey Mittelstadt in Minnesota North Stars zone.
17:07 of 3rd period - Wrist shot by Brett Leason.
17:07 of 3rd period - Deflect By Jonathan Marchessault.
17:07 of 3rd period - Stopped by Logan Thompson with a rebound.
17:35 of 3rd period - Casey Mittelstadt is hit by Jonathan Marchessault and loses puck.
17:41 of 3rd period - Icing by Brett Leason.
17:42 of 3rd period - Casey Mittelstadt wins face-off versus William Karlsson in Vancouver Canucks zone.
17:42 of 3rd period - Casey Mittelstadt is hit by Rasmus Dahlin.
17:52 of 3rd period - Wrist shot by Matias Maccelli.
17:52 of 3rd period - Shot Misses the Net.
18:02 of 3rd period - Wrist shot by Casey Mittelstadt.
18:02 of 3rd period - Shot Misses the Net.
19:00 of 3rd period - Slapshot by Ryan McDonagh.
19:00 of 3rd period - Shot Misses the Net.
19:10 of 3rd period - Matias Maccelli is hit by Rasmus Dahlin and loses puck.
19:19 of 3rd period - Michael Rasmussen is hit by Brett Leason and loses puck.
19:34 of 3rd period - Slapshot by Casey Mittelstadt.
19:34 of 3rd period - Shot Misses the Net.
19:36 of 3rd period - Wrist shot by Joel Hanley.
19:36 of 3rd period - Stopped by Logan Thompson with a rebound.
19:38 of 3rd period - Slapshot by Ryan McDonagh.
19:38 of 3rd period - Stopped by Logan Thompson without a rebound.
19:39 of 3rd period - Sean Couturier wins face-off versus Kent Johnson in Minnesota North Stars zone.
19:40 of 3rd period - Snap shot by Bobby McMann.
19:40 of 3rd period - Shot Misses the Net.
19:48 of 3rd period - Snap shot by Kent Johnson.
19:48 of 3rd period - Shot Misses the Net.
19:50 of 3rd period - Slapshot by Erik Cernak.
19:50 of 3rd period - Deflect By Kent Johnson.
19:50 of 3rd period - Stopped by Cam Talbot without a rebound.
19:51 of 3rd period - Kent Johnson wins face-off versus Sean Couturier in Vancouver Canucks zone.
19:58 of 3rd period - Snap shot by Kent Johnson.
19:58 of 3rd period - Stopped by Cam Talbot with a rebound.
Goals for this period are 1 for Vancouver Canucks vs 1 for Minnesota North Stars.
Shots for this period are 17 for Vancouver Canucks vs 14 for Minnesota North Stars.
Back to the Top